 Dungeon Crawl Stone Soup version 0.17.0-28-g6e173f8 (webtiles) character file.

169 Raultor the Insei (level 5, -12/41 HPs)
             Began as a Vampire Monk on Nov 23, 2015.
             Mangled by an ogre
             ... wielding a +0 giant spiked club
              (15 damage)
             ... on level 4 of the Dungeon.
             The game lasted 00:06:02 (2831 turns).

Raultor the Insei (Vampire Monk)                    Turns: 2831, Time: 00:06:02

Health: -12/41     AC:  2    Str: 10    XL:     5   Next: 25%
Magic:  5/5        EV: 15    Int: 13    God:
Gold:   164        SH:  0    Dex: 17    Spells: 0 memorised, 4 levels left

rFire  . . .     SeeInvis +       - Unarmed
rCold  . . .     Clarity  .     a - +0 robe
rNeg   + . .     SustAt   .     (no shield)
rPois  .         Gourm    .     (no helmet)
rElec  .         Spirit   .     (no cloak)
rCorr  .         Warding  .     (no gloves)
rMut   .         Stasis   .     (no boots)
MR     .....                    (no amulet)
Stlth  +++.......               (no ring)
                                (no ring)

@: not resistant to hostile enchantments, fairly stealthy
A: fangs 3, see invisible, unbreathing
a: Bat Form


You were on level 4 of the Dungeon.
You were not thirsty.

You visited 1 branch of the dungeon, and saw 4 of its levels.

You collected 164 gold pieces.

Inventory:

Armour
 a - a +0 robe (worn)
Wands
 q - a wand of slowing (13)
Scrolls
 d - 3 scrolls of identify {unknown}
 e - a scroll of immolation {unknown}
 f - 3 scrolls of enchant weapon {unknown}
 g - a scroll of remove curse {unknown}
 h - a scroll of fog {unknown}
 i - 2 scrolls of amnesia {unknown}
 j - 2 scrolls of recharging {unknown}
 m - a scroll of fear {unknown}
 n - a scroll of noise {unknown}
 o - 2 scrolls of blinking {unknown}
 p - a scroll of teleportation {unknown}
 r - a scroll of random uselessness {unknown}
Potions
 b - 8 potions of blood
 c - a potion of lignification
 k - a potion of curing {unknown}
 l - 2 potions of agility {unknown}


   Skills:
 + Level 3.3 Fighting
 + Level 4.6 Dodging
 - Level 3.0 Stealth
 * Level 5.9 Unarmed Combat


You had 4 spell levels left.
You didn't know any spells.

Dungeon Overview and Level Annotations

Branches:
Dungeon (4/15)
 Temple: D:4-7

Altars:


Innate Abilities, Weirdness & Mutations

You have razor-sharp teeth.
You have supernaturally acute eyesight.
You can survive without breathing.


Message History

The ogre is moderately wounded.
You hit the ogre but do no damage.
The ogre is moderately wounded.
The ogre hits you with a giant spiked club!!
Ouch! That really hurt!
* * * LOW HITPOINT WARNING * * *
You hit the ogre. You bite the ogre.
The ogre is moderately wounded.
You hit the ogre but do no damage.
The ogre is moderately wounded.
The ogre hits you with a giant spiked club.
* * * LOW HITPOINT WARNING * * *
You barely miss the ogre. Your bite misses the ogre.
The ogre is moderately wounded.
You punch the ogre!
The ogre is heavily wounded.
You hit the ogre. Your bite misses the ogre.
The ogre is severely wounded.
The ogre hits you with a giant spiked club!
You die...

...# #..# #..#####
#..#... ###..#.#
#......# ####
##.#....#
##....###..##.#..#
..!...O@..##..#
....
##.#########.## ##
##.# #..# #.## #.#
###.# #...#
#####.###


You could see an ogre.

Vanquished Creatures
  Jessica (D:2)
  An orc priest (D:3)
  An orc wizard (D:3)
  2 adders
  An ooze (D:3)
  3 orcs (D:3)
  2 ball pythons
  3 giant cockroaches
  4 goblins
  11 hobgoblins
  11 jackals
  3 quokkas
  3 bats
  A giant gecko (D:3)
  2 giant newts
  11 kobolds
  8 rats
68 creatures vanquished.

Notes
Turn   | Place    | Note
--------------------------------------------------------------
     0 | D:1      | Raultor the Vampire Monk began the quest for the Orb.
     0 | D:1      | Reached XP level 1. HP: 17/17 MP: 1/1
   261 | D:1      | Reached XP level 2. HP: 17/23 MP: 2/2
   845 | D:2      | Reached XP level 3. HP: 4/29 MP: 3/3
   854 | D:2      | HP: 1/29 [poisoned by an adder]
   862 | D:2      | HP: 1/29 [poisoned by an adder]
  1062 | D:2      | Noticed Jessica
  1073 | D:2      | Killed Jessica
  1073 | D:2      | Reached skill level 5 in Unarmed Combat
  1188 | D:2      | Reached XP level 4. HP: 26/35 MP: 4/4
  2150 | D:3      | Found a faded altar to an unknown god.
  2455 | D:3      | Reached XP level 5. HP: 19/41 MP: 5/5
  2819 | D:4      | Noticed an ogre
  2828 | D:4      | HP: 2/41 [ogre/giant spiked club (1)]
  2831 | D:4      | Mangled by an ogre

Action                   |  1- 3 |  4- 6 || total
-------------------------+-------+-------++-------
Melee: Unarmed           |   116 |   104 ||   220
Evoke: Wand              |       |     2 ||     2
  Use: Potion            |     7 |       ||     7
 Stab: Sleeping          |     5 |     5 ||    10
       Distracted        |     1 |       ||     1
  Eat: Corpse            |     2 |     3 ||     5
